 Dungeon Crawl Stone Soup version 0.21.1-1-g345015fe64 (webtiles) character file.

5388 Gargoyl the Cleaver (level 10, -1/83 HPs)
             Began as a Centaur Abyssal Knight on Apr 18, 2018.
             Was a High Priest of Lugonu.
             Splashed by an acid dragon's acid (12 damage)
             ... on level 9 of the Dungeon on Apr 19, 2018.
             The game lasted 00:16:30 (9731 turns).

Gargoyl the Cleaver (Centaur Abyssal Knight)        Turns: 9731, Time: 00:16:31

Health: -1/83      AC: 14    Str: 17    XL:     10   Next: 39%
Magic:  14/14      EV:  6    Int: 11    God:    Lugonu [*****.]
Gold:   504        SH:  0    Dex: 10    Spells: 9/9 levels left

rFire    . . .     SeeInvis .   j - +2 war axe (elec)
rCold    . . .     Gourm    .   (no shield)
rNeg     . . .     Faith    .   y - +0 chain mail
rPois    +         Spirit   .   w - +0 helmet
rElec    .         Reflect  .   (no cloak)
rCorr    .         Harm     .   n - +2 pair of gloves
MR       +....                  (no barding)
Stlth    ..........             (no amulet)
HPRegen  0.23/turn              e - ring of protection from magic
MPRegen  0.14/turn              f - ring of poison resistance

@: very quick
A: large, hooves 3, deformed body, speed 2, tough skin 3
a: Depart the Abyss, Bend Space, Banish, Corrupt, Enter the Abyss, Renounce
Religion


You were on level 9 of the Dungeon.
You worshipped Lugonu.
Lugonu was extremely pleased with you.
You were hungry.

You visited 1 branch of the dungeon, and saw 9 of its levels.
You visited the Abyss 1 time.
You also visited: Sewer.

You collected 504 gold pieces.

Inventory:

Hand Weapons
 a - a +2 hand axe
 j - a +2 war axe of electrocution (weapon)
Armour
 n - a +2 pair of gloves (worn)
 w - a +0 helmet (worn)
 y - a +0 chain mail (worn)
Jewellery
 e - a ring of protection from magic (left hand)
 f - a ring of poison resistance (right hand)
 B - the ring of Creativity {rElec rF+ rC+ Str+4, unknown}
   (You found it on level 8 of the Dungeon)

   [ring of strength]

   It affects your strength (+4).
   It protects you from fire.
   It protects you from cold.
   It insulates you from electricity.
 D - an uncursed amulet of guardian spirit {unknown}
Wands
 o - a wand of disintegration (6)
 C - a wand of iceblast (17)
Scrolls
 d - a scroll of fog
 i - 5 scrolls of identify
 m - 4 scrolls of teleportation
 r - 4 scrolls of remove curse
 x - a scroll of vulnerability {unknown}
Potions
 b - 2 potions of curing
 k - 4 potions of might
 l - 4 potions of cancellation
 p - 2 potions of lignification
 q - a potion of agility
 s - 2 potions of flight {unknown}
 t - 2 potions of haste {unknown}
 u - a potion of brilliance {unknown}
 v - a potion of magic {unknown}
 z - 3 potions of degeneration {unknown}
 A - a potion of heal wounds
Books
 g - a book of Callings

   Spells                             Type                      Level
   a - Summon Small Mammal            Summoning                    1
   b - Call Imp                       Summoning                    2
   c - Call Canine Familiar           Summoning                    3
   d - Summon Guardian Golem          Hexes/Summoning              3
   e - Summon Lightning Spire         Summoning/Air                4
   f - Summon Ice Beast               Ice/Summoning                4
Miscellaneous
 h - a lightning rod (4/4)
Comestibles
 c - 20 rations


   Skills:
 + Level 6.0 Fighting
 + Level 8.9 Axes
 * Level 6.9 Armour
 + Level 2.6 Dodging
 * Level 6.6 Invocations


You had 9 spell levels left.
You didn't know any spells.

Dungeon Overview and Level Annotations

Branches:
Dungeon (9/15)             Temple (0/1) D:6
   Lair: D:8-11         Orc: D:9-12

Altars:
Cheibriados
Dithmenos
Elyvilon
Makhleb
Okawaru
Qazlal
Sif Muna
Trog
Uskayaw
Wu Jian
Yredelemnul
Zin
The Shining One
Beogh

Shops:
D:5 (

Annotations:
D:8 1 transporter


Innate Abilities, Weirdness & Mutations

You have hooves in place of feet.
Armour fits poorly on your strangely shaped body.
You cover ground very quickly.
You have extremely tough skin. (AC +3)


Message History

The komodo dragon bites you!!
You slash the komodo dragon! Your kick misses the komodo dragon.
The komodo dragon is lightly wounded.
The komodo dragon bites you!!
A crocodile comes into view.
You barely miss the komodo dragon.
You kick the komodo dragon, but do no damage.
The komodo dragon is lightly wounded.
The komodo dragon bites you but does no damage.
The acid dragon spits acid at you. The splash of acid hits you!
You are splashed with acid!
The acid burns!
* * * LOW HITPOINT WARNING * * *
It was a potion of cancellation.
You feel magically purged. The komodo dragon closely misses you.
You see here a hunting sling.
The acid dragon spits acid at you. The splash of acid hits you!
* * * LOW HITPOINT WARNING * * *
You are splashed with acid!
The acid burns!
You die...

.## #. #########
#........ #.####### #.#
## ### ## #. ###########
#..#.###.l.)@...(###
#.###...tD...###.....#
#...........###..##..####
##### ........###.#
#######...###....
.......## #.# ####...####
...#### .## ####.# #. .
### # ##


You could see a komodo dragon, a crocodile and an acid dragon.

Vanquished Creatures
  A two-headed ogre (D:9)
  Grinder (D:6)
  2 hippogriffs
  Prince Ribbit (D:6)
  Sigmund (D:4)
  A wyvern (D:9)
  Eustachio (D:4)
  A water moccasin (D:9)
  A black bear (D:6)
  A necrophage (D:6)
  6 ogres
  A centaur (D:6)
  5 big kobolds (Sewer)
  Blork the orc (D:6)
  6 bullfrogs
  A gnoll sergeant (D:5)
  10 wights
  3 crimson imps
  A bullfrog zombie (D:8)
  2 hounds
  A bullfrog skeleton (D:9)
  7 jellies
  2 orc priests
  2 iguanas
  Jessica (D:2)
  Natasha (thrice) (D:2)
  6 orc wizards
  4 worker ants
  2 hound zombies
  2 hound skeletons (D:4)
  2 worker ant zombies
  7 gnolls
  17 adders
  3 river rats
  7 oozes
  An adder skeleton (D:7)
  13 worms
  7 leopard geckos
  27 orcs
  8 ball pythons
  11 bats
  2 giant cockroaches
  7 goblins
  3 hobgoblins
  9 jackals
  4 quokkas
  3 frilled lizards
  15 kobolds
  A leopard gecko skeleton (D:6)
  A leopard gecko zombie (D:9)
  A quokka skeleton (D:6)
  8 rats
234 creatures vanquished.

Vanquished Creatures (others)
  An orc priest (D:8)
1 creature vanquished.

Grand Total: 235 creatures vanquished

Notes
Turn   | Place    | Note
-------+----------+-------------------------------------------
     0 | Abyss:1  | Gargoyl the Centaur Abyssal Knight began the quest for the Orb.
     0 | Abyss:1  | Reached XP level 1. HP: 19/19 MP: 2/2
    37 | Abyss:1  | Found a corrupted altar of Lugonu.
   136 | Abyss:3  | Noticed a large abomination
   141 | Abyss:3  | Noticed an apocalypse crab
   141 | D:1      | Escaped the Abyss
   221 | D:1      | Reached skill level 2 in Axes
   221 | D:1      | Reached XP level 2. HP: 20/26 MP: 3/3
   259 | D:1      | Reached * piety under Lugonu
   931 | D:2      | Reached XP level 3. HP: 31/31 MP: 4/4
   932 | D:2      | Found a shadowy altar of Dithmenos.
   950 | D:2      | Noticed Natasha
  1138 | D:2      | Reached XP level 4. HP: 13/38 MP: 5/5
  1551 | D:3      | Reached skill level 1 in Dodging
  1552 | D:3      | Reached XP level 5. HP: 19/45 MP: 7/7
  1559 | D:3      | Reached ** piety under Lugonu
  1568 | D:3      | Reached skill level 3 in Axes
  1605 | D:3      | HP: 2/46 [worm (6)]
  1670 | D:3      | Found a glowing drain.
  1679 | Sewer    | Entered a sewer
  1932 | Sewer    | Reached XP level 6. HP: 39/52 MP: 8/8
  2178 | Sewer    | Reached skill level 4 in Axes
  2298 | Sewer    | Reached XP level 7. HP: 51/59 MP: 9/9
  2625 | D:2      | Killed Natasha
  2920 | D:2      | Noticed Jessica
  2921 | D:2      | Noticed Natasha
  2923 | D:2      | Reached *** piety under Lugonu
  2925 | D:2      | Killed Jessica
  2946 | D:2      | Killed Natasha
  3005 | D:2      | Noticed Natasha
  3011 | D:2      | Killed Natasha
  3516 | D:3      | Reached skill level 5 in Axes
  4027 | D:4      | Noticed Sigmund
  4036 | D:4      | Killed Sigmund
  4066 | D:4      | Noticed Eustachio
  4081 | D:4      | Killed Eustachio
  4081 | D:4      | Reached XP level 8. HP: 58/67 MP: 11/11
  4605 | D:5      | Entered Level 5 of the Dungeon
  4915 | D:5      | Found Dudetzy's Antique Weapon Shop.
  4960 | D:5      | Reached skill level 6 in Axes
  4988 | D:5      | Reached **** piety under Lugonu
  5073 | D:5      | Found a stormy altar of Qazlal.
  5655 | D:6      | Reached skill level 5 in Invocations
  5665 | D:6      | Noticed Grinder
  5685 | D:6      | Killed Grinder
  5685 | D:6      | Reached skill level 5 in Armour
  6003 | D:6      | Noticed Blork the orc
  6005 | D:6      | Noticed Prince Ribbit
  6017 | D:6      | Killed Blork the orc
  6017 | D:6      | Reached XP level 9. HP: 66/73 MP: 12/12
  6032 | D:6      | Killed Prince Ribbit
  6032 | D:6      | Reached skill level 7 in Axes
  6055 | D:6      | Found a staircase to the Ecumenical Temple.
  6080 | D:6      | Reached skill level 5 in Fighting
  6746 | D:7      | Reached ***** piety under Lugonu
  7029 | D:7      | Reached skill level 8 in Axes
  7142 | D:7      | Found a white marble altar of Elyvilon.
  7142 | D:7      | Found a glowing golden altar of the Shining One.
  7142 | D:7      | Found a glowing silver altar of Zin.
  7296 | D:7      | Found an iron altar of Okawaru.
  7691 | D:8      | Got a coiled iron ring
  8101 | D:8      | Found a transporter.
  8109 | D:8      | Found a roughly hewn altar of Beogh.
  8126 | D:8      | Found a transporter.
  8644 | D:9      | Found an ornate altar of the Wu Jian Council.
  8644 | D:9      | Found a hide-covered altar of Uskayaw.
  8644 | D:9      | Found a bloodstained altar of Trog.
  8644 | D:9      | Found a burning altar of Makhleb.
  8644 | D:9      | Noticed a two-headed ogre
  8648 | D:9      | Killed a two-headed ogre
  8648 | D:9      | Reached XP level 10. HP: 73/83 MP: 14/14
  8656 | D:9      | Found a deep blue altar of Sif Muna.
  8656 | D:9      | Found a basalt altar of Yredelemnul.
  8693 | D:9      | Found a stormy altar of Qazlal.
  8807 | D:9      | HP: 2/83 [ogre/giant spiked club (23)]
  9202 | D:9      | Found a snail-covered altar of Cheibriados.
  9731 | D:9      | Splashed by an acid dragon's acid

Skill      XL: |  1  2  3  4  5  6  7  8  9 10 |
---------------+-------------------------------+-----
Axes           | 2 3 4 5 6 8 |  8.9
Armour         | 2 3 4 5 6 |  6.9
Dodging        | 1 2 |  2.6
Invocations    | 3 4 5 6 |  6.6
Fighting       | 4 5 6 |  6.0

Action                   |  1- 3 |  4- 6 |  7- 9 | 10-12 || total
-------------------------+-------+-------+-------+-------++-------
Melee: Hand axe          |    76 |     2 |       |       ||    78
       Kick              |    11 |    20 |    72 |    17 ||   120
       War axe           |       |    90 |   340 |    73 ||   503
Throw: Tomahawk          |       |       |     2 |       ||     2
Invok: Depart the Abyss  |     1 |       |       |       ||     1
       Bend Space        |       |       |     1 |       ||     1
       Banish            |       |       |     1 |       ||     1
Evoke: Wand              |       |       |     1 |       ||     1
  Use: Scroll            |     4 |     2 |    11 |       ||    17
       Potion            |     1 |     3 |       |     4 ||     8
  Eat: Chunk             |       |     4 |    14 |     2 ||    20
       Ration            |       |       |     1 |       ||     1
Armor: Scale mail        |    96 |    42 |   186 |       ||   324
       Chain mail        |       |       |    76 |    76 ||   152
Dodge: Dodged            |    50 |    47 |   150 |    29 ||   276
